 Dungeon Crawl Stone Soup version 0.25-a0-544-gee0576305d (webtiles) character file.

Game seed: 17492260287833365484, levelgen mode: deterministic

3875 Lugonue the Ducker (level 9, -1/75 HPs)
             Began as a Demigod Skald on Feb 20, 2020.
             Slain by Maggie
             ... wielding a +1 scimitar of flaming
              (11 damage)
             ... on level 8 of the Dungeon.
             The game lasted 00:23:19 (8216 turns).

Lugonue the Ducker (Demigod Skald)                  Turns: 8216, Time: 00:23:20

Health: -1/75      AC:  8    Str: 18    XL:     9   Next: 68%
Magic:  0/20       EV: 17    Int: 17    God:
Gold:   391        SH:  0    Dex: 17    Spells: 10/18 levels left

rFire    + . .     SeeInvis .   a - +0 scimitar
rCold    + . .     Gourm    .   (no shield)
rNeg     . . .     Faith    .   b - +0 leather armour
rPois    +         Spirit   +   (no helmet)
rElec    +         Reflect  .   s - +0 cloak
rCorr    +         Harm     .   (no gloves)
MR       .....                  o - +2 pair of boots
Stlth    ++........             u - amulet of guardian spirit
HPRegen  0.22/turn              (no ring)
MPRegen  0.17/turn              (no ring)

@: resistant, mesmerised
A: high mp 1
a: no special abilities


You were on level 8 of the Dungeon.
You were not hungry.

You visited 1 branch of the dungeon, and saw 8 of its levels.

You collected 391 gold pieces.

Inventory:

Hand Weapons
 a - a +0 scimitar (weapon)
 e - a +3 dagger of venom
 g - a +3 short sword of holy wrath
Armour
 b - a +0 leather armour (worn)
 j - a +0 tower shield
 o - a +2 pair of boots (worn)
 s - a +0 cloak (worn)
Magical Staves
 y - an uncursed staff of death
Jewellery
 u - an amulet of guardian spirit (around neck)
 x - an uncursed ring of ice
Wands
 c - a wand of paralysis (10)
 n - a wand of random effects (19)
 p - a wand of flame (11)
 q - a wand of digging (3)
 A - a wand of acid (9)
 C - a wand of disintegration (1)
Scrolls
 h - a scroll of magic mapping
 l - a scroll of remove curse
 t - 3 scrolls of identify
 w - 2 scrolls of amnesia
Potions
 f - a potion of curing
 r - 2 potions of flight
Comestibles
 d - 9 rations


   Skills:
 * Level 6.0 Fighting
 + Level 4.0 Long Blades
 + Level 4.4 Armour
 * Level 7.6 Dodging
 + Level 2.9 Stealth
 * Level 5.1 Spellcasting
 + Level 0.3 Hexes
 + Level 4.0 Charms
 + Level 1.7 Translocations
 + Level 0.3 Evocations


You had 10 spell levels left.
You knew the following spells:

 Your Spells              Type           Power        Failure   Level  Hunger
a - Infusion              Chrm           ###.         3%          1    None
b - Shroud of Golubria    Chrm/Tloc      ##....       8%          2    #......
c - Spectral Weapon       Hex/Chrm       ##......     21%         3    ###....
d - Searing Ray           Conj           #.....       26%         2    #......

Your spell library contained the following spells:

 Spells                   Type           Power        Failure   Level  Hunger
 Song of Slaying          Chrm           ###.....     4%          2    #......
 Magic Dart               Conj           #...         17%         1    None
 Ozocubu's Armour         Chrm/Ice       ##......     22%         3    ###....
 Dazzling Flash           Conj/Hex       #.....       43%         3    ###....
 Iskenderun's Mystic Bla  Conj/Tloc      #.......     75%         4    ####...
 Fulminant Prism          Conj/Hex       #.........   83%         4    ####...


Dungeon Overview and Level Annotations

Branches:
Dungeon (8/15)             Temple (0/1) D:6
   Lair: D:8-11

Annotations:
D:3 1 runed translucent door, DEFE's ghost, amateur DsWn
D:7 1 runed translucent door
D:8 Maggie; Prince Ribbit


Innate Abilities, Weirdness & Mutations

You have an increased reservoir of magic. (+10% MP)


Message History

Maggie is severely wounded.
Maggie hits you with a +1 scimitar of flaming.
* * * LOW HITPOINT WARNING * * *
Maggie burns you.
Evoke which item? (* to show all) (? for menu, Esc to quit)
Aiming: Corrosive Bolt
Press: ? - help, Shift-Dir - straight line, f/p - Maggie
Aim: Maggie, wielding a +1 scimitar of flaming and wearing +2 acid dragon scales (severely wounded, mesmerising)
The bolt of acid hits Maggie.
Maggie is almost dead.
Maggie gestures at you while chanting. The bolt of fire misses you.
Evoke which item? (* to show all) (? for menu, Esc to quit)
Aiming: Corrosive Bolt
Press: ? - help, Shift-Dir - straight line, f/p - Maggie
Aim: Maggie, wielding a +1 scimitar of flaming and wearing +2 acid dragon scales (almost dead, mesmerising)
The bolt of acid hits Maggie.
Maggie is almost dead.
Maggie hits you with a +1 scimitar of flaming!
You die...

* ******* ####### ******
****,,,,,* #s....# *,,,,*
*,,#.....# #.....# *,,,,*
*,,#.....# #.....# *,,,,*
#,,#.....# #.....# *,,,,*
#,,#.....# #####.# *,,,,*
#,,#.....# #@....#***,,,,*
#,,#.....########@..#......,,*
#,,#.....#.....##...#......,,*
#,,+.....#.....##)†.#......,,*
#,,#.o...'.o........#......,,*
*,,#.....#..........#........#
,,,#.....########...###+#....#
,,,+.....#†....##...#*,,#....#
####.....'............,,#....#


You could see Maggie.

Vanquished Creatures
  Pikel (D:5)
  A hippogriff (D:8)
  2 ice beasts (D:7)
  2 orc warriors (D:7)
  2 sky beasts
  5 phantoms
  A slave (D:5)
  2 ogres
  A centaur (D:7)
  5 bullfrogs
  A water moccasin zombie (D:6)
  A wyvern skeleton (D:6)
  7 killer bees (D:8)
  7 howler monkeys
  3 crimson imps
  A bullfrog zombie (D:5)
  A quasit (D:5)
  A hound (D:5)
  2 jellies
  Crazy Yiuf (D:2)
  A bullfrog skeleton (D:4)
  3 orc priests
  A centaur skeleton (D:6)
  An iguana (D:8)
  4 orc wizards
  Ijyb (D:3)
  6 worker ants
  A worker ant zombie (D:7)
  4 gnolls (D:8)
  8 adders
  An ooze (D:1)
  An adder skeleton (D:6)
  2 worms (D:2)
  3 dart slugs
  4 leopard geckos
  19 orcs
  9 giant cockroaches
  2 goblins (D:1)
  7 hobgoblins
  11 jackals
  11 kobolds
  3 quokkas
  9 bats
  5 frilled lizards
  A quokka skeleton (D:5)
  12 rats
177 creatures vanquished.

Notes
Turn   | Place    | Note
-------+----------+-------------------------------------------
     0 | D:1      | Lugonue the Demigod Skald began the quest for the Orb.
     0 | D:1      | Reached XP level 1. HP: 17/17 MP: 5/5
    42 | D:1      | Reached skill level 2 in Dodging
    72 | D:1      | Reached XP level 2. HP: 6/24 MP: 4/7
   373 | D:1      | Learned a level 2 spell: Shroud of Golubria
   525 | D:1      | HP: 1/24 [goblin/+2 dagger of venom (5)]
   589 | D:1      | Reached XP level 3. HP: 15/29 MP: 8/8
  1099 | D:2      | Found a shadowy altar of Dithmenos.
  1245 | D:2      | Reached skill level 1 in Armour
  1551 | D:2      | Found a runed translucent door.
  1552 | D:2      | Noticed Crazy Yiuf
  1565 | D:2      | Killed Crazy Yiuf
  1565 | D:2      | Reached XP level 4. HP: 29/37 MP: 10/10
  1706 | D:2      | Found a sparkling altar of Nemelex Xobeh.
  1818 | D:2      | Learned a level 3 spell: Spectral Weapon
  1936 | D:3      | Noticed a bullfrog
  1962 | D:3      | Killed a bullfrog
  1962 | D:3      | Reached skill level 1 in Stealth
  1962 | D:3      | Reached XP level 5. HP: 41/42 MP: 11/11
  2068 | D:3      | Found a glowing golden altar of the Shining One.
  2096 | D:3      | Noticed Ijyb
  2113 | D:3      | Killed Ijyb
  2199 | D:3      | Found a runed translucent door.
  2199 | D:3      | Noticed DEFE's ghost (amateur DsWn)
  2613 | D:4      | Noticed an ogre
  2620 | D:4      | Killed an ogre
  2620 | D:4      | Reached skill level 3 in Dodging
  2620 | D:4      | Reached XP level 6. HP: 50/50 MP: 9/12
  2932 | D:4      | Found an iron altar of Okawaru.
  2932 | D:4      | Found a shimmering blue altar of Sif Muna.
  3590 | D:5      | Entered Level 5 of the Dungeon
  3855 | D:5      | Reached skill level 4 in Dodging
  3855 | D:5      | Reached XP level 7. HP: 53/57 MP: 14/14
  4382 | D:5      | Noticed Pikel
  4415 | D:5      | Killed Pikel
  4415 | D:5      | Reached skill level 5 in Dodging
  4415 | D:5      | Reached XP level 8. HP: 14/67 MP: 1/16
  5102 | D:6      | Reached skill level 5 in Fighting
  5121 | D:6      | Reached skill level 6 in Dodging
  5277 | D:6      | Reached skill level 1 in Translocations
  5369 | D:6      | Found a shattered altar of Ashenzari.
  5643 | D:6      | Found a bloodstained altar of Trog.
  5708 | D:6      | Found a staircase to the Ecumenical Temple.
  5933 | D:7      | Reached XP level 9. HP: 54/74 MP: 9/18
  6511 | D:7      | Found a glowing silver altar of Zin.
  6533 | D:7      | Reached skill level 7 in Dodging
  6634 | D:7      | Found a glowing golden altar of the Shining One.
  6636 | D:7      | Found a runed translucent door.
  6636 | D:7      | Noticed an angel
  6736 | D:7      | Learned a level 2 spell: Searing Ray
  7346 | D:8      | Noticed Prince Ribbit
  7395 | D:8      | Reached skill level 5 in Spellcasting
  8161 | D:8      | Noticed Maggie
  8216 | D:8      | Slain by Maggie

Levels and vault maps discovered:
D:1:      dpeg_arrival_ratfight, layout_rooms
D:2:      layout_rooms, nemelex_xobeh_ov_fountains_minmay,
          grunt_dithmenos_smoke_and_mirrors, uniq_crazy_yiuf_cottage
D:3:      layout_basic, tso_altar, first_ration, hellmonk_ghost_happy_afterlife,
          minmay_curled_crystal, lexackson_kobold_supper, uniq_ijyb
D:4:      layout_basic, gammafunk_temple_overflow_elements, nrook_mini_backslash
D:5:      layout_cave_pools, palyth_stone_intersect, uniq_pikel
D:6:      layout_gridville, nicolae_overflow_hidden_temple,
          minmay_temple_entry_nine_rooms, basic_altar
D:7:      layout_basic, lemuel_doored_altar, lemuel_angel_altar
D:8:      layout_gridville, enter_bailey_2, basic_altar, david_nohive_1,
          uniq_prince_ribbit1, uniq_gastronok, uniq_maggie

Skill      XL: |  1  2  3  4  5  6  7  8  9 |
---------------+----------------------------+-----
Charms         | 3 4 |  4.0
Dodging        | 2 3 4 5 6 7 |  7.6
Long Blades    | 2 4 |  4.0
Fighting       | 2 3 4 5 6 |  6.0
Spellcasting   | 2 3 4 5 |  5.1
Armour         | 1 2 3 4 |  4.4
Stealth        | 1 2 |  2.9
Translocations | 1 |  1.7
Hexes          | |  0.3
Evocations     | |  0.3

Action                   |  1- 3 |  4- 6 |  7- 9 || total
-------------------------+-------+-------+-------++-------
Melee: Falchion          |    79 |     2 |    11 ||    92
       Dagger            |    58 |   116 |   321 ||   495
       Short sword       |       |    24 |    72 ||    96
       Scimitar          |       |       |   112 ||   112
 Cast: Infusion          |     4 |       |     9 ||    13
       Shroud of Golubri |     2 |     1 |    26 ||    29
       Spectral Weapon   |       |     1 |       ||     1
       Searing Ray       |       |       |     3 ||     3
Evoke: Wand              |       |     5 |    11 ||    16
  Use: Potion            |     1 |     2 |    11 ||    14
       Scroll            |     7 |     3 |    13 ||    23
 Stab: Distracted        |       |     1 |     1 ||     2
       Paralysed         |       |       |     5 ||     5
  Eat: Chunk             |     2 |     1 |     4 ||     7
       Ration            |       |     2 |     4 ||     6
Armor: Leather armour    |    34 |    47 |   154 ||   235
Dodge: Dodged            |   100 |   101 |   532 ||   733
       Rpst.: Falchion   |    18 |       |     6 ||    24
       Scimitar          |       |       |    52 ||    52

Table legend:
 A = Non-vault XP
 B = Vault XP
 C = Vault XP percentage of total XP
 D = Non-vault monster count
 E = Vault monster count
 F = Vault count percentage of total count
                 A         B        C        D         E       F
            +---------+---------+-------+---------+---------+-------
      Total |    4378 |    1158 |  20.9 |     161 |      15 |   8.5
            +---------+---------+-------+---------+---------+-------
        D:1 |      66 |       5 |   7.0 |      35 |       5 |  12.5
        D:2 |      43 |      42 |  49.4 |      12 |       1 |   7.7
        D:3 |     173 |      35 |  16.8 |      21 |       1 |   4.5
        D:4 |     300 |       0 |   0.0 |       7 |       0 |   0.0
        D:5 |     698 |     641 |  47.9 |      16 |       1 |   5.9
        D:6 |     950 |       0 |   0.0 |      25 |       0 |   0.0
        D:7 |    1603 |       0 |   0.0 |      34 |       0 |   0.0
        D:8 |     545 |     435 |  44.4 |      11 |       7 |  38.9
            +---------+---------+-------+---------+---------+-------
